 Dungeon Crawl Stone Soup version 0.29.1-2-gbd0b4ee654 (webtiles) character file.

Game seed: 1460713788709589870

130686 Icepheonix32 the Warrior (level 16, -9/152 HPs)
             Began as a Minotaur Fighter on Oct 26, 2022.
             Was the Champion of Dithmenos.
             Mangled by a kraken (26 damage)
             ... on level 1 of the Shoals.
             The game lasted 01:12:47 (24994 turns).

Icepheonix32 the Warrior (Minotaur Fighter)        Turns: 24994, Time: 01:12:48

Health: -9/152     AC: 20    Str: 35    XL:     16   Next: 53%
Magic:  22/22      EV: 23    Int: 16    God:    Dithmenos [******]
Gold:   593        SH: 18    Dex: 29    Spells: 18/20 levels left

rFire   . . .      SeeInvis .   a - +12 long sword "Lugici" {flame, rCorr Str+2 Dex+2}
rCold   . . .      Faith    .   T - +3 kite shield {reflect}
rNeg    . . .      Spirit   .   Q - +3 swamp dragon scales
rPois   +          Reflect  +   (helmet unavailable)
rElec   .          Harm     .   N - +0 cloak of Viecut {Drain Int+6 Dex+7}
rCorr   +          Rampage  +   B - +2 pair of gloves
Will    +....                   O - +0 pair of boots of the Saviour {Rampage Int+5 Dex+2}
Stlth   ++++......              z - amulet of regeneration
HPRegen 1.15/turn               t - +6 ring of strength
MPRegen 0.18/turn               i - +6 ring of strength

@: wreathed by umbra, studying Maces & Flails, very slow
A: horns 3, retaliatory headbutt, MP-powered wands, noise suppression
a: Renounce Religion, Shadow Step, Shadow Form


You were on level 1 of the Shoals.
You worshipped Dithmenos.
Dithmenos was exalted by your worship.
You visited 5 branches of the dungeon, and saw 24 of its levels.
You also visited: Gauntlet.

You collected 4147 gold pieces.
You spent 3554 gold pieces at shops.

Inventory:

Hand Weapons
 a - the +12 long sword "Lugici" (weapon) {flame, rCorr Str+2 Dex+2}
   (You bought it in a shop on level 1 of the Shoals)

   It burns those it strikes, dealing additional fire damage.
   Big, fiery blades are also staple armaments of hydra-hunters.
   Str:       It affects your strength (+2).
   Dex:       It affects your dexterity (+2).
   rCorr:     It protects you from acid and corrosion.
 b - a +2 dagger of holy wrath
 s - the +7 short sword of Baolam {drain, rPois Will- Str-3 Int+10}
   (You found it on level 4 of the Dungeon)

   A truly terrible weapon, it drains the life of any living foe it strikes.
   Str:       It affects your strength (-3).
   Int:       It affects your intelligence (+10).
   rPois:     It protects you from poison.
   Will:      It decreases your willpower.
 F - a +2 falchion of electrocution
 S - the +11 long sword of Cataclysm {venom, Dex+4}
   (You took it off an orc warrior on level 1 of the Orcish Mines)

   It poisons the flesh of those it strikes.
   Dex:       It affects your dexterity (+4).
Missiles
 f - 8 curare-tipped darts
 D - 5 silver javelins
 E - 4 datura-tipped darts
 H - 3 throwing nets
 P - 17 javelins
 U - 15 boomerangs
Armour
 B - a +2 pair of gloves (worn)
 N - the +0 cloak of Viecut (worn) {Drain Int+6 Dex+7}
   (You found it in a Gauntlet)

   Int:       It affects your intelligence (+6).
   Dex:       It affects your dexterity (+7).
   Drain:     It drains your maximum health when unequipped.
 O - the +0 pair of boots of the Saviour (worn) {Rampage Int+5 Dex+2}
   (You found it in a Gauntlet)

   Int:       It affects your intelligence (+5).
   Dex:       It affects your dexterity (+2).
   Rampage:   It bestows one free step when moving towards enemies.
 Q - +3 swamp dragon scales (worn)
 T - a +3 kite shield of reflection (worn)
Jewellery
 i - a +6 ring of strength (right hand)
 k - the ring of Tuitz {Fire Int+4}
   (You found it on level 2 of the Lair of Beasts)

   [ring of fire]

   It enhances your fire magic.
   Int:       It affects your intelligence (+4).
   rF:        It protects you from fire.
   rC:        It makes you vulnerable to cold.
 t - a +6 ring of strength (left hand)
 y - a ring of positive energy
 z - an amulet of regeneration (around neck)
 I - a +6 ring of intelligence
 J - the amulet of the Marlin {Faith Fly Str-5 Int+4 SInv}
   (You bought it in a shop on level 2 of the Orcish Mines)

   [amulet of faith]

   It allows you to gain divine favour quickly.
   Str:       It affects your strength (-5).
   Int:       It affects your intelligence (+4).
   SInv:      It lets you see invisible.
   Fly:       It grants you flight.
 L - a ring of willpower
Wands
 w - a wand of flame (9)
 G - a wand of roots (18)
 Z - a wand of paralysis (16)
Scrolls
 c - 4 scrolls of fear
 e - 2 scrolls of enchant weapon
 l - 6 scrolls of teleportation
 p - 3 scrolls of blinking
 q - 3 scrolls of fog
 v - 3 scrolls of poison
 x - 4 scrolls of summoning
 W - 2 scrolls of enchant armour
 X - a scroll of silence
 Y - 5 scrolls of magic mapping
Potions
 d - 2 potions of heal wounds
 g - 4 potions of flight
 h - 3 potions of resistance
 j - 12 potions of curing
 m - 5 potions of mutation
 n - 7 potions of brilliance
 A - a potion of cancellation
 K - 5 potions of magic
 M - 5 potions of might
 R - 2 potions of berserk rage
 V - a potion of haste
Miscellaneous
 o - a lightning rod (4/4)
 r - a phial of floods
 u - a tin of tremorstones (2/2)
 C - a condenser vane


   Skills:
 * Level 16.3 Fighting
 + Level 11.1(12.7) Short Blades
 + Level 10.8(13.2) Long Blades
 - Level 5.3 Axes
 + Level 1.1 Throwing
 + Level 11.9 Armour
 * Level 12.5 Dodging
 + Level 6.6 Stealth
 + Level 12.0 Shields
 + Level 2.6 Spellcasting
 + Level 5.3 Transmutations
 * Level 9.6 Invocations
 * Level 7.1 Evocations


You had 18 spell levels left.
You knew the following spells:

 Your Spells              Type           Power      Damage    Failure   Level
a - Wereblood             Tmut           19%        N/A       9%          2

Your spell library contained the following spells:

 Spells                   Type           Power      Damage    Failure   Level
 Beastly Appendage        Tmut           38%        N/A       6%          1
 Shock                    Conj/Air       8%         1d3       45%         1
 Summon Small Mammal      Summ           8%         N/A       45%         1
 Spider Form              Tmut/Pois      10%        N/A       45%         3
 Blink                    Tloc           4%         N/A       61%         2
 Ensorcelled Hibernation  Hex/Ice        4%         N/A       61%         2
 Scorch                   Fire           4%         2d5       61%         2
 Call Canine Familiar     Summ           2%         N/A       83%         3
 Dazzling Flash           Conj/Hex       4%         N/A       83%         3
 Lesser Beckoning         Tloc           2%         N/A       83%         3
 Mephitic Cloud           Conj/Pois/Air  2%         N/A       83%         3
 Portal Projectile        Hex/Tloc       4%         N/A       83%         3
 Summon Guardian Golem    Hex/Summ       2%         N/A       83%         3
 Swiftness                Air            2%         N/A       83%         3
 Tukima's Dance           Hex            2%         N/A       83%         3
 Blade Hands              Tmut           9%         N/A       85%         5
 Airstrike                Air            1%         2d(1-17)  99%         4
 Anguish                  Hex/Necr       1%         N/A       99%         4
 Flame Wave               Conj/Fire      2%         2d4       99%         4
 Iskenderun's Mystic Bla  Conj/Tloc      2%         2d3       99%         4
 Leda's Liquefaction      Hex/Erth       1%         N/A       99%         4
 Olgreb's Toxic Radiance  Pois           2%         N/A       99%         4
 Passage of Golubria      Tloc           2%         N/A       99%         4
 Summon Ice Beast         Ice/Summ       2%         N/A       99%         4
 Fireball                 Conj/Fire      1%         3d3       100%        5
 Freezing Cloud           Conj/Ice/Air   1%         6-21      100%        5
 Lee's Rapid Deconstruct  Erth           1%         3d5*      100%        5
 Manifold Assault         Tloc           2%         N/A       100%        5
 Silence                  Hex/Air        1%         N/A       100%        5
 Summon Forest            Summ/Tloc      1%         N/A       100%        5
 Summon Mana Viper        Hex/Summ       2%         N/A       100%        5
 Iron Shot                Conj/Erth      1%         9d1       100%        6
 Simulacrum               Ice/Necr       1%         N/A       100%        6
 Starburst                Conj/Fire      1%         6d3       100%        6
 Statue Form              Tmut/Erth      6%         N/A       100%        6
 Summon Cactus Giant      Summ           1%         N/A       100%        6
 Ozocubu's Refrigeration  Ice            1%         4d7       100%        7
 Ignition                 Fire           1%         3d3       100%        8
 Lehudib's Crystal Spear  Conj/Erth      1%         10d2      100%        8
 Necromutation            Tmut/Necr      5%         N/A       100%        8
 Dragon's Call            Summ           1%         N/A       100%        9
 Polar Vortex             Ice            1%         N/A       100%        9
 Shatter                  Erth           1%         3d5*      100%        9


Dungeon Overview and Level Annotations

Branches:
Dungeon (15/15)            Temple (1/1) D:6            Lair (5/5) D:8
 Shoals (1/4) Lair:3        Snake (0/4) Lair:3        Slime (0/5) Lair:5
    Orc (2/2) D:11            Elf (0/3) Orc:2        Vaults (0/5) D:14
 Depths (0/4) D:15        Gauntlet (visited)

Altars:
Ashenzari
Cheibriados
Dithmenos
Elyvilon
Fedhas
Gozag
Hepliaklqana
Kikubaaqudgha
Makhleb
Nemelex Xobeh
Okawaru
Qazlal
Ru
Sif Muna
Trog
Uskayaw
Vehumet
Wu Jian
Xom
Yredelemnul
Zin
The Shining One

Shops:
D:3 !   D:7 =   D:10 !   Orc:2 ***(?   Shoals:1 (*


Innate Abilities, Weirdness & Mutations

You have a pair of large horns on your head.
You reflexively headbutt those who attack you in melee.
You expend magic power (3 MP) to strengthen your wands.
You passively dampen the noise of your surroundings.


Message History

Your unstable footing causes you to fumble your attack.
You block the tentacle's attack. The tentacle barely misses you.
You furiously retaliate!
You headbutt the tentacle!
A tentacle segment bursts forth from the water. x2
The kraken bites you. You block the tentacle's attack. x2
You hit the kraken but do no damage. You headbutt the kraken.
The kraken is almost dead.
Your shadow hits the kraken but does no damage.
The tentacle completely misses you. The tentacle misses you.
The tentacle closely misses you. You furiously retaliate!
You headbutt the tentacle!
A tentacle segment bursts forth from the water.
The tentacle slaps you! The kraken bites you!
You emit a cloud of dark smoke.
You block the tentacle's attack.
You hit the kraken. You burn the kraken.
You headbutt the kraken, but do no damage.
The kraken is almost dead.
Your shadow hits the kraken but does no damage.
The tentacle completely misses you. You block the tentacle's attack.
The tentacle slaps you! You block the tentacle's attack.
Tentacles burst out of the water! 2 tentacles come into view.
Unknown command.
You hit the kraken but do no damage.
The kraken is almost dead.
The kraken bites you!! You block the tentacle's attack. x2
The tentacle slaps you but does no damage.
You block the tentacle's attack.
Unknown command.
Unknown command.
Your unstable footing causes you to fumble your attack.
The kraken bites you!!
* * * LOW HITPOINT WARNING * * *
The tentacle slaps you but does no damage.
The tentacle slaps you.
* * * LOW HITPOINT WARNING * * *
The tentacle slaps you!!
* * * LOW HITPOINT WARNING * * *
You block the tentacle's attack. The kraken bites you!!
You die...

##.~~~~~..###....~~~≈≈≈
.).~~≈~~...###.~~~~≈≈≈≈≈
....~~~~~~....~~~~≈≈≈≈≈≈
....~~~~~~~~~~~~~~≈≈≈≈≈≈
.....~~~~~~~~~~~~~≈≈≈≈≈≈
......~~~~~~~~~~≈≈≈≈≈≈≈≈
......~~~~~~~~§§§§§≈≈≈≈≈
.......~~~~~~~§§ww§≈≈≈≈≈
.....>~~≈≈≈~~~Pw@X§≈≈≈≈≈
≈≈≈≈≈≈~≈≈≈≈~P~..≈≈≈#
#≈≈≈≈≈≈≈≈≈≈≈≈≈≈ ♣♣♣≈≈≈≈#
##≈


You could see a kraken and 4 tentacles.

Vanquished Creatures
  A kraken (Shoals:1)
  Gastronok (Lair:2)
  The ghost of Ahonude the Brawler, a journeyman TrMo of Qazlal (D:13)
  A stone giant (Orc:1)
  The ghost of Fuivviy the Fighter, a journeyman PaAM of Zin (Lair:2)
  A minotaur (Gauntlet)
  A merfolk impaler (Shoals:1)
  A fire dragon (D:14)
  An ettin (Orc:1)
  2 ogre magi (D:15)
  A catoblepas (Lair:4)
  3 hydras
  12 two-headed ogres
  4 boulder beetles
  A death knight (D:15)
  7 centaur warriors
  3 merfolk aquamancers (Shoals:1)
  16 death yaks
  3 tengu warriors (D:15)
  A deep troll earth mage (D:12)
  Urug (D:12)
  3 orc high priests
  Sonja (Lair:2)
  Amaemon (Lair:2)
  A flayed ghost (D:12)
  A skeletal warrior (D:15)
  13 sea snakes (Shoals:1)
  An obsidian statue (Gauntlet)
  A lindwurm (Lair:3)
  3 harpies (Shoals:1)
  Pikel (D:7)
  A necromancer (D:15)
  3 orc knights
  2 wizards
  A phantasmal warrior (D:15)
  2 ugly things (D:13)
  8 orc sorcerers
  7 manticores
  A deep elf pyromancer (D:15)
  6 fauns (Shoals:1)
  21 cyclopes
  A wolf spider (Lair:5)
  An oklob plant (Lair:3)
  3 merfolk sirens (Shoals:1)
  2 water nymphs (Shoals:1)
  A guardian serpent (Lair:5)
  2 centaur zombies (D:15)
  Joseph (D:7)
  A naga mage (D:15)
  11 black mambas
  An efreet (D:15)
  13 cane toads
  6 orange demons
  2 gargoyles
  An unseen horror (D:9)
  A kobold demonologist (D:13)
  9 rime drakes
  A freezing wraith (D:15)
  8 trolls
  7 polar bears
  9 komodo dragons
  4 merfolk (Shoals:1)
  3 meliai (Gauntlet)
  2 wind drakes (Shoals:1)
  17 blink frogs
  2 hornets (Lair:5)
  14 dream sheep
  3 snapping turtles (Shoals:1)
  5 slime creatures (D:13)
  A centaur simulacrum (D:15)
  40 yaks
  Sigmund (D:5)
  6 wraiths
  2 vampires (D:11)
  A ynoxinul (D:13)
  4 shadows
  6 basilisks
  10 wyverns
  2 redbacks (Lair:5)
  4 vampire mosquitoes (D:10)
  12 wargs
  4 nagas (Lair:3)
  2 acid dragons
  18 water moccasins
  30 orc warriors
  A sky beast (D:3)
  3 black bears
  A black mamba simulacrum (Lair:2)
  18 ogres
  An ice beast (D:7)
  19 wolves
  17 centaurs
  2 lemures (D:7)
  3 phantoms
  3 kobold brigands
  6 bullfrogs
  3 necrophages
  5 scorpions
  3 cane toad simulacra (Lair:2)
  4 wights
  4 electric eels
  2 howler monkeys (D:9)
  3 hounds
  3 gnoll boudas (D:10)
  31 orc priests
  2 jellies
  4 iguanas
  39 orc wizards
  A wolf simulacrum (Lair:2)
  A boggart simulacrum (D:15)
  14 gnolls
  4 adders
  2 white imps (D:7)
  An ufetubus (D:7)
  3 worms
  81 orcs
  5 ball pythons
  6 endoplasms
  4 giant cockroaches
  5 goblins
  7 hobgoblins
  3 jackals
  5 quokkas
  4 bats
  5 frilled lizards
  18 kobolds
  4 rats
  7 tentacles (Shoals:1)
772 creatures vanquished.

Vanquished Creatures (others)
  An orc wizard (D:3)
  17 fungi
  42 plants
  17 tentacles (Shoals:1)
77 creatures vanquished.

Grand Total: 849 creatures vanquished

Notes
Turn   | Place    | Note
-------+----------+-------------------------------------------
     0 | D:1      | Icepheonix32 the Minotaur Fighter began the quest for the
                  | Orb.
     0 | D:1      | Reached XP level 1. HP: 19/19 MP: 0/0
   659 | D:1      | Reached XP level 2. HP: 27/27 MP: 1/1
   728 | D:1      | Reached skill level 4 in Fighting
  1123 | D:2      | Reached XP level 3. HP: 27/33 MP: 2/2
  2025 | D:3      | Identified a scroll of acquirement
  2025 | D:3      | Acquired 700 gold pieces
  2053 | D:3      | Noticed a sky beast
  2067 | D:3      | Killed a sky beast
  2068 | D:3      | Reached XP level 4. HP: 22/41 MP: 3/3
  2068 | D:3      | Reached XP level 5. HP: 25/47 MP: 4/4
  2380 | D:3      | Reached skill level 5 in Fighting
  2386 | D:3      | Reached skill level 5 in Axes
  2530 | D:3      | Found Zairghisk's Distillery.
  2543 | D:3      | Bought a potion of heal wounds for 70 gold pieces
  2543 | D:3      | Bought a potion of resistance for 140 gold pieces
  2543 | D:3      | Bought a potion of mutation for 112 gold pieces
  2543 | D:3      | Bought a potion of curing for 42 gold pieces
  2543 | D:3      | Bought a potion of curing for 42 gold pieces
  2551 | D:3      | Found a blossoming altar of Fedhas.
  3206 | D:3      | Gained mutation: You are clumsy. (Dex -2) [potion of
                  | mutation]
  3206 | D:3      | Gained mutation: Your magical capacity is low. (-10% MP)
                  | [potion of mutation]
  3207 | D:3      | Lost mutation: Your magical capacity is low. (-10% MP)
                  | [potion of mutation]
  3207 | D:3      | Lost mutation: You are clumsy. (Dex -2) [potion of
                  | mutation]
  3207 | D:3      | Gained mutation: You expend magic power (3 MP) to
                  | strengthen your wands. [potion of mutation]
  3207 | D:3      | Gained mutation: You have a pair of large horns on your
                  | head. [potion of mutation]
  3207 | D:3      | Gained mutation: You passively dampen the noise of your
                  | surroundings. [potion of mutation]
  3248 | D:4      | Found an opulent altar of Gozag.
  3339 | D:3      | Reached XP level 6. HP: 40/56 MP: 5/5
  3536 | D:4      | Reached skill level 1 in Dodging
  3699 | D:4      | Reached skill level 5 in Armour
  3800 | D:4      | Identified the +7 short sword of Baolam {drain, rPois Will-
                  | Str-3 Int+10}
  3972 | D:5      | Entered Level 5 of the Dungeon
  4096 | D:5      | Noticed Sigmund
  4104 | D:5      | Killed Sigmund
  4105 | D:5      | Reached skill level 6 in Fighting
  4105 | D:5      | Reached XP level 7. HP: 58/63 MP: 6/6
  4152 | D:5      | Reached skill level 1 in Short Blades
  4921 | D:6      | Reached skill level 7 in Fighting
  4929 | D:6      | Reached skill level 5 in Shields
  4929 | D:6      | Reached XP level 8. HP: 72/73 MP: 7/7
  5271 | D:6      | Reached skill level 8 in Fighting
  5279 | D:6      | Found a staircase to the Ecumenical Temple.
  5286 | Temple   | Entered the Ecumenical Temple
  5500 | Temple   | Became a worshipper of Dithmenos the Shadowed
  6224 | D:7      | Found a snail-covered altar of Cheibriados.
  6225 | D:7      | Found a bloodstained altar of Trog.
  6226 | D:7      | Found a glowing silver altar of Zin.
  6241 | D:7      | Noticed Joseph
  6252 | D:7      | Killed Joseph
  6253 | D:7      | Reached XP level 9. HP: 67/82 MP: 8/8
  6318 | D:7      | Got the Secrets of Assembled Transfiguration
  6344 | D:7      | Learned a level 2 spell: Wereblood
  6511 | D:7      | Found Leczaff's Jewellery Emporium.
  6514 | D:7      | Bought a +6 ring of strength for 504 gold pieces
  6661 | D:7      | Noticed Pikel
  6675 | D:7      | Killed Pikel
  6676 | D:7      | Reached skill level 9 in Fighting
  6676 | D:7      | Reached skill level 5 in Short Blades
  6676 | D:7      | Reached skill level 1 in Stealth
  6676 | D:7      | Reached skill level 1 in Transmutations
  6750 | D:7      | Found a shimmering altar of Xom.
  6750 | D:7      | Found a shimmering altar of Xom.
  6751 | D:7      | Found a shimmering altar of Xom.
  6798 | D:7      | Found a shimmering altar of Xom.
  6811 | D:7      | Found a shimmering altar of Xom.
  7348 | D:8      | Reached XP level 10. HP: 17/93 MP: 9/9
  7349 | D:8      | Reached * piety under Dithmenos
  7362 | D:8      | Reached skill level 10 in Fighting
  7367 | D:8      | Found a staircase to the Lair.
  7888 | D:8      | Found a radiant altar of Vehumet.
  8469 | D:9      | Reached skill level 5 in Dodging
  8661 | D:9      | Reached ** piety under Dithmenos
  9048 | D:9      | HP: 2/94 [something (6)]
  9391 | D:9      | Found a broken altar of Ashenzari.
  9672 | D:10     | Entered Level 10 of the Dungeon
  9672 | D:10     | Found Fyetizem's Distillery.
  9703 | D:10     | Bought a potion of heal wounds for 50 gold pieces
  9703 | D:10     | Bought 2 potions of degeneration for 20 gold pieces
 10432 | D:10     | Reached skill level 10 in Armour
 10435 | D:10     | Reached skill level 11 in Fighting
 11219 | D:10     | Reached XP level 11. HP: 91/102 MP: 10/10
 11602 | D:11     | Reached *** piety under Dithmenos
 11663 | D:11     | Found a gate leading to a gauntlet.
 11673 | Gauntlet | Entered a Gauntlet
 11673 | Gauntlet | Noticed an obsidian statue
 11673 | Gauntlet | Found a large runed translucent door.
 11673 | Gauntlet | Found a large runed translucent door.
 11673 | Gauntlet | Found a large runed translucent door.
 11673 | Gauntlet | Found a large runed translucent door.
 11673 | Gauntlet | Found a large runed translucent door.
 11673 | Gauntlet | Found a large runed translucent door.
 11673 | Gauntlet | Found a large runed translucent door.
 11673 | Gauntlet | Found a large runed translucent door.
 11673 | Gauntlet | Found a runed translucent door.
 11673 | Gauntlet | Found a runed translucent gate.
 11673 | Gauntlet | Found a transporter.
 11673 | Gauntlet | Found a transporter.
 11673 | Gauntlet | Found a runed translucent gate.
 11673 | Gauntlet | Found a transporter.
 11862 | Gauntlet | Found a transporter.
 11882 | Gauntlet | Found a transporter.
 11887 | Gauntlet | Found a transporter.
 11897 | Gauntlet | Found a transporter.
 11912 | Gauntlet | Found a transporter.
 11918 | Gauntlet | Found a transporter.
 11921 | Gauntlet | Noticed a sixfirhy
 11932 | Gauntlet | Found a transporter.
 11951 | Gauntlet | Found a transporter.
 11955 | Gauntlet | Found a runed translucent gate.
 11956 | Gauntlet | Found a large runed translucent door.
 11956 | Gauntlet | Found a large runed translucent door.
 11957 | Gauntlet | Found a large runed translucent door.
 11958 | Gauntlet | Found a large runed translucent door.
 11959 | Gauntlet | Found a large runed translucent door.
 11959 | Gauntlet | Found a large runed translucent door.
 11959 | Gauntlet | Found a runed translucent door.
 11960 | Gauntlet | Found a large runed translucent door.
 11961 | Gauntlet | Found a large runed translucent door.
 11992 | Gauntlet | Found a transporter.
 12223 | Gauntlet | Killed an obsidian statue
 12226 | Gauntlet | Identified the +0 cloak of Viecut {Drain Int+6 Dex+7}
 12275 | Gauntlet | Identified the +0 pair of boots of the Saviour {Rampage
                  | Int+5 Dex+2}
 12350 | Gauntlet | Noticed a minotaur
 12363 | Gauntlet | Killed a minotaur
 12370 | Gauntlet | Identified the +1 robe "Jotag" {rElec}
 12374 | Gauntlet | Got the Anthology of Maleficent Rituals and Toxins
 12381 | Gauntlet | Got the Octavo of Peregrination
 12462 | D:11     | Identified the +1 robe "Atihap" {Drain rC+ Regen+ Str+4}
 12630 | D:11     | Found a staircase to the Orcish Mines.
 13261 | D:12     | Noticed a boulder beetle
 13287 | D:12     | Killed a boulder beetle
 13288 | D:12     | Reached skill level 1 in Invocations
 13404 | D:12     | Reached skill level 12 in Fighting
 13404 | D:12     | Reached skill level 1 in Evocations
 13413 | D:12     | Noticed a deep troll earth mage
 13413 | D:12     | Noticed Urug
 13415 | D:12     | Noticed a flayed ghost
 13640 | D:12     | Killed Urug
 13640 | D:12     | Reached **** piety under Dithmenos
 13641 | D:12     | Reached XP level 12. HP: 91/112 MP: 12/12
 13875 | D:12     | Killed a deep troll earth mage
 14117 | D:13     | Noticed a six-headed hydra
 14122 | D:13     | Noticed a centaur warrior
 14124 | D:13     | Killed a six-headed hydra
 14136 | D:13     | Killed a centaur warrior
 14187 | D:13     | Noticed Ahonude's ghost (journeyman TrMo)
 14221 | D:13     | Noticed a centaur warrior
 14242 | D:13     | Noticed a centaur warrior
 14252 | D:13     | Killed a centaur warrior
 14262 | D:13     | Noticed a two-headed ogre
 14268 | D:13     | Noticed a centaur warrior
 14274 | D:13     | Killed a two-headed ogre
 14280 | D:13     | Killed a centaur warrior
 14420 | D:13     | Reached skill level 13 in Fighting
 14456 | D:13     | Found a runed translucent door.
 14544 | D:13     | Noticed a boulder beetle
 14567 | D:13     | Killed a boulder beetle
 14568 | D:13     | Reached skill level 10 in Short Blades
 14720 | D:13     | Killed a centaur warrior
 14783 | D:14     | Noticed a boulder beetle
 14797 | D:14     | Killed a boulder beetle
 14798 | D:14     | Reached XP level 13. HP: 99/122 MP: 15/15
 15167 | D:14     | Reached skill level 5 in Invocations
 15169 | D:14     | Reached ***** piety under Dithmenos
 15236 | D:14     | Found a gate to the Vaults.
 15267 | D:14     | Noticed a fire dragon
 15279 | D:14     | Killed a fire dragon
 15425 | D:14     | Acquired 949 gold pieces
 15519 | Orc:1    | Entered Level 1 of the Orcish Mines
 15810 | Orc:1    | Reached skill level 10 in Dodging
 15814 | Orc:1    | Reached skill level 1 in Spellcasting
 15819 | Orc:1    | Reached skill level 14 in Fighting
 16081 | Orc:1    | Identified the +11 long sword of Cataclysm {venom, Dex+4}
 16087 | Orc:1    | Noticed an ettin
 16092 | Orc:1    | Noticed a stone giant
 16104 | Orc:1    | Killed an ettin
 16123 | Orc:1    | Killed a stone giant
 16198 | Orc:1    | Identified the +1 flail of Mudousk {holy, Str+3 Int+2}
 16366 | Orc:1    | Reached skill level 1 in Long Blades
 16596 | Orc:2    | Entered Level 2 of the Orcish Mines
 16596 | Orc:2    | Found a staircase to the Elven Halls.
 16680 | Orc:2    | Reached ****** piety under Dithmenos
 16681 | Orc:2    | Reached XP level 14. HP: 123/133 MP: 14/17
 16694 | Orc:2    | Found Kucik's Assorted Antiques.
 16694 | Orc:2    | Found Mecuezos's Magic Scroll Emporium.
 16695 | Orc:2    | Found Vecly's Assorted Antiques.
 16695 | Orc:2    | Found Ypareaf's Weapon Emporium.
 16777 | Orc:2    | Reached skill level 5 in Transmutations
 16881 | Orc:2    | Bought a potion of heal wounds for 145 gold pieces
 16881 | Orc:2    | Bought a scroll labelled VORAPEH EHUOQA for 29 gold pieces
 16918 | Orc:2    | Bought a condenser vane for 1280 gold pieces
 17101 | Orc:2    | Found Coivim's Assorted Antiques.
 17113 | Orc:2    | Bought a slimy bone amulet for 170 gold pieces
 17113 | Orc:2    | Identified the amulet of the Marlin {Faith Fly Str-5 Int+4
                  | SInv} (You bought it in a shop on level 2 of the Orcish
                  | Mines)
 17421 | Orc:2    | Bought a scroll of enchant armour for 217 gold pieces
 17423 | Orc:2    | Bought a scroll of enchant armour for 75 gold pieces
 17437 | Orc:2    | Bought a runed falchion for 174 gold pieces
 17486 | Orc:2    | Bought a runed beryl amulet for 170 gold pieces
 17737 | D:13     | Killed Ahonude's ghost
 17745 | D:13     | Got the Textbook on Terra Firma
 17915 | Lair:1   | Entered Level 1 of the Lair of Beasts
 17942 | Lair:1   | Reached skill level 10 in Shields
 18271 | Lair:1   | Identified the +9 war axe "Nuunnas" {vorpal, Int+2}
 18626 | Lair:2   | Noticed Gastronok
 18634 | Lair:2   | Killed Gastronok
 18676 | Lair:2   | Noticed Amaemon
 18691 | Lair:2   | Killed Amaemon
 18749 | Lair:2   | Reached skill level 5 in Stealth
 18813 | Lair:2   | Noticed Sonja
 18821 | Lair:2   | Killed Sonja
 18822 | Lair:2   | Reached skill level 5 in Long Blades
 18887 | Lair:2   | Noticed Fuivviy's ghost (journeyman PaAM)
 18914 | Lair:2   | Found a runed translucent gate.
 18914 | Lair:2   | Found a runed translucent gate.
 18914 | Lair:2   | Found a runed translucent gate.
 19220 | Lair:2   | Killed Fuivviy's ghost
 19264 | Lair:2   | Got the ring of Tuitz {Fire Int+4}
 19357 | Lair:2   | Reached skill level 15 in Fighting
 19433 | Lair:3   | Found a staircase to the Snake Pit.
 19865 | Lair:3   | Found a staircase to the Shoals.
 20205 | Lair:4   | You fall into a shaft and drop 1 floor!
 20205 | Lair:5   | Entered Level 5 of the Lair of Beasts
 20331 | Lair:5   | Reached XP level 15. HP: 56/141 MP: 19/19
 20882 | Lair:5   | Found a staircase to the Slime Pits.
 20993 | Lair:5   | Reached skill level 5 in Evocations
 22492 | D:15     | Entered Level 15 of the Dungeon
 22631 | D:15     | Paralysed by something for 4 turns
 22759 | D:15     | Found a staircase to the Depths.
 22934 | D:15     | Reached skill level 10 in Long Blades
 23037 | D:15     | Reached XP level 16. HP: 151/151 MP: 19/21
 23039 | D:15     | Reached skill level 16 in Fighting
 23600 | Shoals:1 | Entered Level 1 of the Shoals
 23738 | Shoals:1 | Found Jorixok's Island Escapes.
 23739 | Shoals:1 | Noticed a kraken
 23787 | Shoals:1 | Found Budghyjir's Antique Weapon Shop.
 24071 | Shoals:1 | Noticed a kraken
 24138 | Shoals:1 | Bought a pitted long sword for 314 gold pieces
 24138 | Shoals:1 | Identified the +12 long sword "Lugici" {flame, rCorr Str+2
                  | Dex+2} (You bought it in a shop on level 1 of the Shoals)
 24278 | Shoals:1 | Reached skill level 1 in Throwing
 24774 | Shoals:1 | Killed a kraken
 24976 | Shoals:1 | Noticed a kraken
 24994 | Shoals:1 | Mangled by a kraken

Illustrated notes

Levels and vault maps discovered:
D:1:      roderic_dead_forest, layout_rooms, serial_glass, glass_columns_b,
          glass_columns_b, nicolae_concentric_dashed_squares_wild,
          minmay_misc_feat_tower, minmay_door_square
D:2:      layout_basic
D:3:      kb_forest_paths, layout_basic, fedhas_ov_isle_minmay, serial_shops,
          nicolae_shop_waterfront, serial_rivers,
          chequers_serial_rivers_small_b, chequers_serial_rivers_micro_b,
          chequers_serial_rivers_micro_a, chequers_serial_rivers_micro_e
D:4:      layout_cave_pools, mainiacjoe_overflow_catwalk
D:5:      layout_loops_ring, uniq_sigmund
D:6:      layout_rooms, minmay_temple_entry_waves, kennysheep_small_circle
D:7:      layout_cave_pods, xom_shifter_show, grunt_temple_overflow_open,
          serial_shops, kennysheep_mini, uniq_joseph, uniq_pikel
D:8:      layout_basic, overflow_temple_1_default, erik_lair_orcish_takeover
D:9:      layout_loops_ring, lemuel_doored_altar
D:10:     kennysheep_seaside_town, layout_basic, serial_shops,
          nicolae_stop_n_shop_1
D:11:     layout_basic, david_orc_3, gauntlet_entry_generic, minmay_checkerbox
D:12:     layout_basic, minivault_1, wad_dig_loot, uniq_urug
D:13:     layout_big_octagon, hellmonk_ghost_big_iron,
          kennysheep_generic_room_16
D:14:     layout_rooms, david_vaults_1, hellmonk_bongcloud_opening
D:15:     grunt_enter_depths_magical_seal, layout_basic,
          chequers_serial_rivers_micro_b, einodemon_barbed_minivault
Temple:   nicolae_temple_ecumenical_triangle
Lair:1:   layout_cave_pods, serial_bayou_lagoon_b
Lair:2:   layout_cave_shapes, gammafunk_ghost_icy, st_stairs_7, uniq_amaemon,
          uniq_sonja, uniq_gastronok
Lair:3:   layout_regular_city, minmay_shoals_entry_centaurs,
          minmay_snake_entry_guardpost_small, grunt_megastairs_4
Lair:4:   layout_gridlike, serial_rivers, chequers_serial_rivers_micro_d,
          chequers_serial_rivers_room_b, chequers_serial_rivers_small_3,
          chequers_serial_rivers_micro_b, chequers_serial_rivers_micro_e,
          chequers_serial_rivers_large_a
Lair:5:   hangedman_lair_tendril_chambers, layout_regular_city, slime_entry_1,
          serial_bayou, serial_bayou_pond_a, serial_bayou_pond_d,
          serial_bayou_pond_c, serial_bayou_pond_e, dreamdust_mushroom_princess,
          chequers_serial_rivers_micro_a
Shoals:1: cheibrodos_shoals_three_sisters, layout_shoals, serial_shops, shop,
          nicolae_island_escapes
Orc:1:    giant_chief_lemuel, layout_caves, guppyfry_library_mini
Orc:2:    st_orc_mages, layout_caves, serial_shops, nicolae_shop_statue_plus

Skill      XL: |  1  2  3  4  5  6  7  8  9 10 11 12 13 14 15 16 |
---------------+-------------------------------------------------+-----
Fighting       | 4 5 6 7 8 9 11 12 13 14 15 16 | 16.3
Axes           | 3 4 5 |  5.3
Armour         | 4 5 6 8 9 10 11 | 11.9
Shields        | 4 5 6 7 9 10 11 12 | 12.0
Dodging        | 1 2 3 4 5 7 9 10 11 12 | 12.5
Short Blades   | 2 4 6 7 8 10 11 | 11.1
Stealth        | 1 2 3 4 5 6 |  6.6
Transmutations | 2 3 4 5 |  5.3
Invocations    | 2 4 6 7 9 |  9.6
Evocations     | 1 4 6 7 |  7.1
Spellcasting   | 1 2 |  2.6
Long Blades    | 1 7 10 | 10.8
Throwing       | 1 |  1.1

Action                   |  1- 3 |  4- 6 |  7- 9 | 10-12 | 13-15 | 16-18 || total
-------------------------+-------+-------+-------+-------+-------+-------++-------
Melee: War axe           |    92 |    30 |       |       |       |       ||   122
       Headbutt          |     7 |    12 |    39 |   187 |   305 |    50 ||   600
       Hand axe          |       |    46 |       |       |       |       ||    46
       Short sword       |       |    17 |   202 |   745 |   248 |       ||  1212
       Long sword        |       |       |       |       |   757 |   190 ||   947
       Dagger            |       |       |       |       |    90 |       ||    90
Throw: Dart              |       |       |       |     2 |     1 |     5 ||     8
       Javelin           |       |       |       |       |     7 |       ||     7
       Boomerang         |       |       |       |       |       |    12 ||    12
 Cast: Wereblood         |       |       |       |     3 |    32 |     2 ||    37
Evoke: Wand              |       |       |       |     4 |       |    27 ||    31
       Tin of tremorston |       |       |       |     1 |       |     1 ||     2
       Phial of floods   |       |       |       |     1 |       |       ||     1
  Use: Scroll            |     7 |     3 |     9 |     4 |    11 |     4 ||    38
       Potion            |       |     4 |     4 |     7 |     2 |     3 ||    20
 Stab: Sleeping          |       |       |       |     7 |    43 |     5 ||    55
       Distracted        |       |       |       |       |     4 |       ||     4
Armor: Scale mail        |    50 |    43 |    87 |   133 |       |       ||   313
       Skin              |       |       |       |    24 |       |       ||    24
       Swamp dragon scal |       |       |       |    62 |   165 |    50 ||   277
Dodge: Dodged            |    40 |    57 |    94 |   395 |   619 |   192 ||  1397
Block: Buckler           |    23 |    25 |    39 |   219 |   421 |   125 ||   852
       Reflection        |       |       |       |    16 |    11 |    18 ||    45
       Kite shield       |       |       |       |       |       |    54 ||    54
